 Dungeon Crawl Stone Soup version 0.29-a0-822-ga620ab95ad (webtiles) character file.

Game seed: 195139425332257588

35 Lekart the Trooper (level 3, -30/31 HPs)
             Began as a Draconian Fighter on July 8, 2022.
             Annihilated by an ogre
             ... wielding a +0 giant club
              (33 damage)
             ... on level 2 of the Dungeon.
             The game lasted 00:01:37 (1076 turns).

Lekart the Trooper (Draconian Fighter)              Turns: 1076, Time: 00:01:38

Health: -30/31     AC:  5    Str: 20    XL:     3   Next: 16%
Magic:  3/3        EV: 12    Int:  8    God:
Gold:   42         SH:  4    Dex: 10    Spells: 2/2 levels left

rFire   . . .      SeeInvis .   a - +0 war axe
rCold   . . .      Faith    .   b - +0 buckler
rNeg    . . .      Spirit   .   (body armour unavailable)
rPois   .          Reflect  .   (helmet restricted)
rElec   .          Harm     .   (no cloak)
rCorr   .          Rampage  .   (no gloves)
Will    .....                   (no boots)
Stlth   +.........              (no amulet)
HPRegen 0.10/turn               (no ring)
MPRegen 0.08/turn               (no ring)

@: no status effects
A: AC +5, unfitting armour, cold-blooded
a: no special abilities


You were on level 2 of the Dungeon.
You visited 1 branch of the dungeon, and saw 2 of its levels.

You collected 42 gold pieces.

Inventory:

Hand Weapons
 a - a +0 war axe (weapon)
Missiles
 h - 5 boomerangs (quivered)
Armour
 b - a +0 buckler (worn)
Scrolls
 g - a scroll of noise {unknown}
Potions
 c - a potion of might
 d - a potion of brilliance {unknown}
 e - 2 potions of attraction {unknown}
 f - a potion of heal wounds {unknown}


   Skills:
 + Level 3.5 Fighting
 + Level 2.4 Axes
 + Level 0.4 Throwing
 + Level 3.2 Dodging
 + Level 3.2 Shields


You had 2 spell levels left.
You didn't know any spells.
Your spell library contained the following spells:

 Spells                   Type           Power      Damage    Failure   Level
 Frozen Ramparts          Ice            0%         1d2       86%         3
 Ice Form                 Ice/Tmut       0%         N/A       99%         4
 Summon Ice Beast         Ice/Summ       0%         N/A       99%         4


Dungeon Overview and Level Annotations

Branches:
Dungeon (2/15)

Altars:

Annotations:
D:1 exclusion: downstairs


Innate Abilities, Weirdness & Mutations

Your plain brown scales are hard. (AC +5)
You cannot fit into any form of body armour.
You are cold-blooded and may be slowed by cold attacks.


Message History

You miss the bat. The bat barely misses you.
The bat hits you but does no damage.
You closely miss the bat. The bat misses you.
The bat hits you but does no damage. x2
You slash the bat!
You kill the bat!
No target in view!
Press: ? - help, v - describe, . - travel A stone staircase leading down.
Placed new exclusion.
Reduced exclusion size to a single square.
(D) Dungeon
Where to? (Enter - D:2, ? - help) HP restored.
There is a stone staircase leading down here.
You climb downwards.
There is a stone staircase leading up here.
(D) Dungeon
Where to? (Enter - D:2, ? - help)
Things that are here:
a stone; a +0 whip An ogre is nearby!
You aren't carrying any items that you can evoke.
Found a sling.
A kobold comes into view. It is wielding a +0 short sword.
The kobold shouts!
You see here a +0 sling.
You closely miss the kobold. The kobold closely misses you.
You slash the kobold!
You kill the kobold!
You see here a +0 short sword.
The ogre attacks as you move away! The ogre hits you with a +0 giant club!
The ogre attacks as you move away!
The ogre hits you with a +0 giant club!!
Ouch! That really hurt!
* * * LOW HITPOINT WARNING * * *
The ogre attacks as you move away!
The ogre hits you with a +0 giant club!!
Ouch! That really hurt!
You die...

## .. .## #####
.##. ..
#...###.##.### #.##
######....O@.....<#
...
...........#.####.#
..# #######.####.#
#.# ..# #.# .#
##.## ..# #)#
#.###...###†.# #.#
#...>......).# #.#
#####...###.## #)#
##.####.## #.# #.#
#.........


You could see an ogre.

Vanquished Creatures
  A gnoll (D:1)
  5 bats (D:1)
  2 endoplasms (D:1)
  A goblin (D:1)
  A hobgoblin (D:1)
  2 quokkas
  4 ball pythons
  5 kobolds
  3 rats (D:1)
24 creatures vanquished.

Notes
Turn   | Place    | Note
-------+----------+-------------------------------------------
     0 | D:1      | Lekart the Draconian Fighter began the quest for the Orb.
     0 | D:1      | Reached XP level 1. HP: 19/19 MP: 1/1
   130 | D:1      | Reached XP level 2. HP: 26/26 MP: 2/2
   854 | D:1      | Reached XP level 3. HP: 31/31 MP: 3/3
   980 | D:2      | Noticed an ogre
  1076 | D:2      | Annihilated by an ogre

Illustrated notes

Levels and vault maps discovered:
D:1:      minmay_arrival_open_corners, layout_loops_cross,
          roderic_serpentine_path
D:2:      layout_loops_ring, ebering_ecumenical_altar_petrified,
          uniq_crazy_yiuf_cottage

Skill      XL: |  1 |
---------------+----+-----
Dodging        | 3 |  3.2
Fighting       | |  3.5
Axes           | |  2.4
Throwing       | |  0.4
Shields        | |  3.2

Action                   || total
-------------------------++-------
Melee: War axe           ||    46
Throw: Dart              ||    12
       Boomerang         ||     7
 Stab: Sleeping          ||     1
Armor: Skin              ||    23
Dodge: Dodged            ||    34
Block: Buckler           ||    15

Table legend: (Time is in decaauts)
 A = Elapsed time spent in this place.
 B = Non-inter-level travel time spent in this place.
 C = Inter-level travel time spent in this place.
 D = Time resting spent in this place.
 E = Time spent auto-exploring this place.
 F = Levels seen in this place.
 G = Mean time per level.
                   A        B        C        D        E       F      G
               +--------+--------+--------+--------+--------+-----+--------+
         Total |   1100 |   1016 |     84 |      0 |    801 |   2 |  550.0 |
       Dungeon |   1100 |   1016 |     84 |      0 |    801 |   2 |  550.0 |
               +--------+--------+--------+--------+--------+-----+--------+

Top non-repeatable levels by time:
     D:1: 990 daAuts
     D:2: 109 daAuts
